Chardon, neutral female sylph Wizard ----------------------------------------------------------------------------- |$ $|` / | | | | | | $ | |.............| | | | | | | | | | |.............| | |^ ^ |` |^ | | | ^ | | |....*.....<..| | ----- --------- | | | | | | | | | | --- ----- --- --- | --- |.---------.--| |` ^|` | | | | | | | | | | | $ | | | | |...|.....|..*| | | | | | | | | | | | | | | | | | |...|%....|...| |* $|` !| |` | | | | | | | | | ! | | | | |..^|....*|...| |-- | ------- | --- |-------| --| | | ------- |-- --- |---| -----.|.---.|--.| | *| |` | | | | |=| | | | | |^| | |.....|.|.|.|...| | | | | | | | | | | | | | | | | |.....|.|.|.|...| | | | |^| | *| `| | | | ^ /| | | |$ | |..)......|.|..*| | --- | ----- | | ----- --- --- --- --- ------- --- | | | | -------.|.|.|.|.| |$ ) | | | |! `| * *| | ........`|.....|.| | | | | | | | | ...J@....|.....|.| | |> | |^ `| $ | ( | | .........|.....|.| ----------------------------------------------------------------------------- Chardon the Enchantress Experience level: 14 Strength: 15 Dexterity: 18 Constitution: 16 Intelligence: 19 Wisdom: 19 Charisma: 10 Health: 0(88) Energy: 246(246) Def: 18 Gold: 1173 Moves: 32414 Dungeon seed: kGMsg3CT8GzUWRai Game ID: Chardon_1489147817 Your Inventory: Coins $ - 1173 gold pieces Amulets I - an uncursed amulet of reflection (being worn) M - the blessed Eye of the Aethiopica Weapons C - the blessed rustproof +2 Magicbane (weapon in hand) Armor c - a blessed +3 small shield (being worn) n - an uncursed +0 pair of gauntlets of power y - an uncursed +0 elven leather helm G - an uncursed +0 mummy wrapping H - a blessed +5 cloak of magic resistance (being worn) V - a blessed +4 T-shirt (being worn) Comestibles b - an uncursed apple f - 2 uncursed food rations Scrolls a - a cursed scroll of fire d - an uncursed scroll of water g - an uncursed scroll of light W - a blessed scroll of teleportation Rings v - an uncursed ring of free action (on right hand) S - an uncursed ring of slow digestion (on left hand) Wands h - a wand of fire (0:4) m - a wand of digging (0:5) A - a wand of digging (0:6) E - a wand of lightning (0:7) F - a wand of digging (0:8) L - a wand of digging (0:8) R - a wand of striking (0:7) Tools e - a +0 unicorn horn o - an uncursed skeleton key q - an uncursed stethoscope t - a +0 pick-axe (alternate weapon; not wielded) u - an uncursed magic whistle x - an uncursed oilskin sack z - an uncursed bag of holding Gems r - an uncursed citrine P - a blessed luckstone Contents of the bag of holding: 11472 gold pieces a blessed +1 quarterstaff a blessed +0 silver saber 3 uncursed carrots an uncursed clove of garlic 2 uncursed figues 3 uncursed food rations an uncursed orange an uncursed pancake 3 uncursed tripe rations a cursed scroll of charging an uncursed scroll of enchant weapon an uncursed scroll of teleportation an uncursed spellbook of clairvoyance an uncursed spellbook of create monster an uncursed spellbook of cure sickness an uncursed spellbook of force bolt an uncursed spellbook of identify an uncursed spellbook of protection an uncursed spellbook of restore ability an uncursed spellbook of wizard lock an uncursed potion of gain energy an uncursed potion of invisibility 3 uncursed potions of object detection a cursed potion of object detection 3 uncursed amethysts an uncursed garnet an uncursed luckstone Spells and supernatural/magical abilities: Name Level Category Fail Memory a - force bolt 1 attack 0% 46% c - cause fear 3 enchantment 0% 73% e - charm monster 5 enchantment 79% 52% f - fireball 4 attack 0% 37% h - healing 1 healing 0% 46% i - invisibility 4 escape 0% 37% j - jumping 1* escape 0% 0% l - light 1 divination 0% 46% m - magic missile 2 attack 0% 46% n - detect monsters 1 divination 0% 64% o - cone of cold 4 attack 0% 36% p - protection 1 clerical 0% 99% v - clairvoyance 3 divination 0% 39% w - wizard lock 2 matter 0% 52% z - sleep 2 enchantment 0% 64% A - create familiar 6 clerical 100% 30% C - cancellation 7 matter 91% 6% D - drain life 3 attack 0% 52% E - detect food 2 divination 0% 64% G - detect treasure 4 divination 0% 84% H - haste self 3 escape 0% 2% I - identify 3 divination 0% 45% K - cure sickness 3 healing 0% 98% L - levitation 4 escape 0% 93% M - magic mapping 5 divination 0% 84% O - create monster 2 clerical 0% 45% P - polymorph 6 matter 66% 57% R - restore ability 4 healing 50% 2% T - turn undead 4* clerical 50% 0% U - detect unseen 3 divination 0% 64% W - pray for help -- divine ? -- Your skills at the end: Miscellaneous Skills shield [Skilled] wands [Skilled] Weapon Skills dagger [Basic] quarterstaff [Basic] Spellcasting Skills attack spells [Skilled] healing spells [Basic] divination spells [Skilled] enchantment spells [Basic] clerical spells [Basic] escape spells [Skilled] matter spells [Skilled] Final Attributes: You were piously aligned. You were fire resistant. You were poison resistant. You were magic-protected. You could recognize detrimental food. Your writing hand was ok. You saw invisible. You had infravision. You were invisible to others. You were displaced. You were somewhat stealthy. You had slower digestion. You were protected. You were protected from shape changers. You had reflection. You had free action. You were extremely lucky. You had extra luck. Good luck did not time out for you. You are dead. Vanquished creatures: Medusa an elder blue dragon a silver dragon a white dragon a titan a purple worm 6 minotaurs The Dark One a young red dragon a young yellow dragon 4 stone golems an Olog-hai a baby red dragon 2 liches a lurker above an Aleax a golden naga 3 black puddings 8 ghosts 3 lieutenants a queen bee 2 winged gargoyles 2 mind flayers 3 giant mimics a fire giant an ogre king a rock troll 2 umber hulks 4 large mimics a wumpus a baby long worm 2 baby purple worms a couatl 6 stalkers a fire elemental 2 water elementals a hill giant 2 giant mummies a black naga 9 xorns 2 giant zombies 6 sergeants 2 wargs a winter wolf a quantum mechanic 15 small mimics 6 xans 3 ettin mummies 2 ogre lords 6 trolls 2 sasquatches 3 wood golems 5 electric eels a large dog 4 freezing spheres 3 flaming spheres 3 shocking spheres a large cat 5 tigers 3 gargoyles 4 dwarf kings 7 tengu 4 gelatinous cubes 5 ochre jellies a crocodile 2 chameleons 5 leocrottas an energy vortex 3 mountain centaurs 3 giants 5 elf mummies a human mummy 9 Grey-elves 2 pit vipers 2 pythons 2 cobras 11 wraiths 5 ettin zombies a leather golem 41 soldiers 2 succubi 6 incubi 6 giant beetles 3 cockatrices 8 wolves 9 winter wolf cubs 3 black lights 2 lynxes 2 panthers 2 gremlins 17 leprechauns 6 quivering blobs 3 spotted jellies 6 lizards 5 mountain nymphs 3 orc-captains 2 mumakil 7 giant spiders 3 scorpions 3 iron piercers 2 horses 4 ice vortices 65 vampire bats 2 forest centaurs 6 gnome kings 3 orc mummies 2 dwarf mummies 9 ogres a brown pudding 11 Green-elves 8 owlbears 5 yetis 3 gold golems 2 werewolves 8 piranhas 3 giant eels 6 apprentices 7 chickatrices a dog 4 dingos 3 housecats 6 jaguars 5 dwarf lords 4 blue jellies 3 water nymphs 2 white unicorns 5 black unicorns 4 dust vortices 5 ravens 4 plains centaurs 3 gnome mummies 5 Woodland-elves 2 snakes 16 human zombies 4 rope golems 2 soldier ants 5 fire ants 4 yellow lights 17 bugbears 4 imps 6 quasits a baby crocodile 4 wood nymphs 26 Mordor orcs 7 Uruk-hai 14 orc shamans a rock mole 4 rock piercers 2 ponies 2 fog clouds a shrieker 6 violet fungi 14 gnome lords 4 gnomish wizards a red naga hatchling a golden naga hatchling 2 guardian naga hatchlings 2 gray oozes 2 barrow wights 11 elf zombies 9 ghouls 3 straw golems 4 paper golems 2 jellyfish 8 giant ants 2 puppies 4 floating eyes 5 kittens 27 dwarves 8 homunculi 2 kobold lords 3 kobold shamans 5 iguanas 42 hill orcs 12 rothes 5 rabid rats 2 centipedes 7 jitterbugs 6 giant bats 3 monkeys 10 orc zombies 8 dwarf zombies 3 wererats a werejackal 16 killer bees 10 coyotes 4 gas spores 9 hobbits 4 acid blobs 4 large kobolds 3 geckos 21 hobgoblins 3 giant rats 5 cave spiders a sylph 2 brown molds 8 yellow molds 3 green molds a red mold 44 gnomes 7 garter snakes 12 manes 6 gnome zombies 12 jackals 3 foxes 2 kobolds 14 newts 15 goblins 4 sewer rats 13 grid bugs 14 bats 8 lichens 5 kobold zombies 1170 creatures vanquished. Voluntary challenges: You were vegetarian. You were not invisible. You used a wielded weapon 613 times, starting on turn 37. You did not use plumbed fixtures. You read items or engraved 451 times, starting on turn 923. You never genocided any monsters. You polymorphed 606 items, starting on turn 23746. You never changed form. You completed Sokoban on turn 11072, according to the rules. You used no wishes. You never split a pudding. You wrote Elbereth's name 9 times, starting on turn 923. You violated your moral code, losing 4 points of alignment, starting on turn 3038. Dungeon overview: The Dungeons of Doom: levels 1 to 27 Level 1 a long staircase Level 2 a potion shop, a sink Level 3 some fountains Level 4 an armor shop, a sink stairs to The Gnomish Mines Level 5 a general store Level 6 Level 7 many fountains Level 8 stairs to Sokoban Level 9 a fountain Level 10 an altar to Thoth Level 11 a fountain Level 12 a temple to Ptah Level 13 Level 14 a general store portal to The Quest Level 15 Level 16 a potion shop Level 17 Level 18 some fountains, a throne Level 19 a fountain Level 20 Level 21 a delicatessen, a fountain, a sink Level 22 a fountain Level 23 Level 24 Level 25 Level 26 Level 27 <- You were here The Gnomish Mines: levels 5 to 13 Level 5 stairs to The Dungeons of Doom Level 6 Level 7 many shops, a temple to Anhur, a magic chest, some fountains, some trees Level 8 Level 9 Level 10 Level 11 Level 12 Level 13 many altars to Moloch, a magic chest, some fountains The Quest: levels 1 to 5 Level 1 a magic chest, a throne portal to The Dungeons of Doom Level 2 Level 3 Level 4 Level 5 a temple to Ptah Sokoban: levels 4 to 7 Level 4 an altar to Thoth, a magic chest, a fountain Level 5 Level 6 Level 7 a magic chest stairs to The Dungeons of Doom History has recorded: On T:1 you entered the Dungeons of Doom to retrieve the Amulet of Yendor! On T:39 you reached level 2 of The Dungeons of Doom. On T:576 you reached level 3 of The Dungeons of Doom. On T:801 you prayed to Thoth. On T:838 you reached level 4 of The Dungeons of Doom. On T:1050 you reached level 5 of The Dungeons of Doom. On T:1052 you advanced to experience level 2. On T:1134 you reached level 1 of The Gnomish Mines. On T:1153 you advanced to experience level 3. On T:1169 you advanced to experience level 4. On T:1310 you reached level 2 of The Gnomish Mines. On T:1402 you advanced to experience level 5. On T:1489 you prayed to Thoth. On T:1590 you reached level 3 of The Gnomish Mines. On T:1757 you entered the Minetown temple On T:1772 you opened a magic chest. On T:1879 you advanced to experience level 6. On T:1897 you reached level 4 of The Gnomish Mines. On T:2281 you prayed to Thoth. On T:2417 you reached level 5 of The Gnomish Mines. On T:2589 you reached level 6 of The Gnomish Mines. On T:2649 you advanced to experience level 7. On T:2930 you reached level 7 of The Gnomish Mines. On T:3082 you advanced to experience level 8. On T:3117 you prayed to Thoth. On T:3559 you reached level 8 of The Gnomish Mines. On T:3560 you prayed to Thoth. On T:3588 you reached level 9 of The Gnomish Mines. On T:3588 you reached the bottom of the Mines. On T:3881 you advanced to experience level 9. On T:4236 you prayed to Thoth. On T:5224 you prayed to Thoth. On T:6331 you prayed to Thoth. On T:6894 you advanced to experience level 10. On T:7064 you reached level 6 of The Dungeons of Doom. On T:7358 you reached level 7 of The Dungeons of Doom. On T:7417 you prayed to Thoth. On T:8072 you prayed to Thoth. On T:8253 you reached level 8 of The Dungeons of Doom. On T:8444 you reached level 9 of The Dungeons of Doom. On T:8561 you reached level 4 of Sokoban. On T:8851 you reached level 3 of Sokoban. On T:9450 you reached level 2 of Sokoban. On T:9740 you prayed to Thoth. On T:10231 you reached level 1 of Sokoban. On T:11057 you prayed to Thoth. On T:11072 you advanced to experience level 11. On T:11072 you entered the Sokoban zoo. On T:11678 you reached level 10 of The Dungeons of Doom. On T:11732 you prayed to Thoth. On T:12450 you reached level 11 of The Dungeons of Doom. On T:12921 you prayed to Thoth. On T:13307 you received Magicbane from Thoth. On T:13739 you prayed to Thoth. On T:14234 you reached level 12 of The Dungeons of Doom. On T:14464 you reached level 13 of The Dungeons of Doom. On T:14564 you prayed to Thoth. On T:14969 you prayed to Thoth. On T:15153 you reached level 14 of The Dungeons of Doom. On T:15302 you reached level 15 of The Dungeons of Doom. On T:15302 you entered the Rogue tribute level. On T:15433 you prayed to Thoth. On T:15511 you reached level 1 of The Quest. On T:16591 you prayed to Thoth. On T:16945 you reached level 16 of The Dungeons of Doom. On T:17080 you advanced to experience level 12. On T:17083 you advanced to experience level 13. On T:17084 you advanced to experience level 14. On T:17787 you prayed to Thoth. On T:18403 you received Trollsbane from Thoth. On T:18446 you prayed to Thoth. On T:18461 you prayed to Thoth. On T:19049 you embarked upon an epic quest. On T:19063 you reached level 2 of The Quest. On T:19098 you prayed to Thoth. On T:19275 you reached level 3 of The Quest. On T:19760 you reached level 4 of The Quest. On T:20024 you reached level 5 of The Quest. On T:20309 you killed Dark One on level 5 of The Quest. On T:20933 you completed the quest! On T:21485 you reached level 17 of The Dungeons of Doom. On T:21653 you prayed to Thoth. On T:21875 you reached level 18 of The Dungeons of Doom. On T:22438 you reached level 19 of The Dungeons of Doom. On T:22696 you reached level 20 of The Dungeons of Doom. On T:22984 you prayed to Thoth. On T:23115 you reached level 21 of The Dungeons of Doom. On T:23757 you prayed to Thoth. On T:24560 you reached level 22 of The Dungeons of Doom. On T:24759 you reached level 23 of The Dungeons of Doom. On T:25132 you prayed to Thoth. On T:25564 you prayed to Thoth. On T:26539 you killed Medusa on level 23 of The Dungeons of Doom. On T:26550 you reached level 24 of The Dungeons of Doom. On T:27237 you reached level 25 of The Dungeons of Doom. On T:28154 you prayed to Thoth. On T:31091 you reached level 26 of The Dungeons of Doom. On T:32298 you reached level 27 of The Dungeons of Doom. Score breakdown: Gold: 12645 ( 1264 points) Experience: 14 levels ( 1300 points) Exploration: 27 levels ( 780 points) Discoveries: 162 items ( 2000 points) Variety of kills: 213 monsters ( 2000 points) Major goal: finished the Quest ( 2000 points) Survival: died (score multiplied by 3) Total score: 28032 Latest messages: A lit field surrounds you! Please move the cursor to an unknown object. Never mind. The magic missile hits the jabberwock! The magic missile hits the jabberwock! The jabberwock bites! (2x) The jabberwock just misses! The jabberwock claws you! Status of the jabberwock (neutral): Level 17 HP 57(100) Def 12. The jabberwock bites! (2x) The jabberwock claws you! (2x) You die... The oilskin sack is empty. The oilskin sack is empty. Final status: Goodbye Chardon the Wizard, killed by a jabberwock... You died in The Dungeons of Doom on dungeon level 27 with 28032 points, and 12645 pieces of gold, after 32414 moves. You were level 14 with a maximum of 88 hit points when you died.